 Dungeon Sprint DCSS version 0.20-a0-46-g4a4b873 (webtiles) character file.

1600000 Faca the Executioner (level 14, -1/121 HPs)
             Began as a Demonspawn Gladiator on Nov 15, 2016.
             Slain by a meat berserker
             ... wielding a +9 battleaxe
              (30 damage)
             ... in the Dungeon (Sprint VIII: "Arena of Blood").
             The game lasted 00:02:01 (16 turns).

Faca the Executioner (Demonspawn Gladiator)           Turns: 16, Time: 00:02:02

Health: -1/121     AC:  4    Str: 17    XL:     14   Next: 78%
Magic:  14/14      EV: 30    Int:  9    God:
Gold:   0          SH:  0    Dex: 18    Spells: 0 memorised, 13 levels left

rFire  . . .     SeeInvis .     l - +∞ Axe of Woe
rCold  + . .     Gourm    .     b - +0 leather armour
rNeg   . . .     Faith    .     (shield currently unavailable)
rPois  .         Spirit   .     c - +0 helmet
rElec  .         Reflect  .     (no cloak)
rCorr  .         Harm     .     (no gloves)
MR     +....     NoTele   +     (no boots)
Stlth  +.........               (no amulet)
                                n - +30 ring of slaying
                                m - +30 ring of slaying

@: no status effects
A: talons 1, cold resistance 1, foul stench 1, rot immunity, sturdy frame 3
a: no special abilities


You were in the Dungeon.
You were not hungry.

You visited 1 branch

Inventory:

Hand Weapons
 a - a +0 war axe
 l - the +∞ Axe of Woe (weapon)
   (You found it in the Dungeon)
Missiles
 d - 3 throwing nets (quivered)
Armour
 b - a +0 leather armour (worn)
 c - a +0 helmet (worn)
Jewellery
 m - a +30 ring of slaying (left hand)
 n - a +30 ring of slaying (right hand)
Scrolls
 k - a scroll of blinking
Potions
 e - a potion of curing
 g - a potion of heal wounds
 h - a potion of haste
 i - 2 potions of magic
 j - a potion of berserk rage
Comestibles
 f - a bread ration


   Skills:
 + Level 14.7 Fighting
 + Level 22.7 Axes
 + Level 13.2 Throwing
 + Level 2.7 Armour
 + Level 22.5 Dodging


You had 13 spell levels left.
You didn't know any spells.

Dungeon Overview and Level Annotations

Branches:
Dungeon (1/1)

Altars:
Makhleb


Innate Abilities, Weirdness & Mutations

You have sharp toenails.
Your flesh is cold resistant. (rC+)
You may emit foul miasma when damaged in melee.
You are immune to rotting.
Your movements are significantly less encumbered by armour. (ER -6)


Message History

The bag of meat shouts! x3; You hear a shout! x11 2 orcs and an ogre come into view.
A bag of meat comes into view. It is wielding a +9 war axe.
The bag of meat shouts! x3; You hear a shout! x6
The meat berserker appears out of thin air!
A meat berserker comes into view. It is wielding a +9 battleaxe.
You hear a shout! x4
An orc and a hill giant come into view.
The large bag of meat shouts!
The bag of meat shouts!
You slice the bag of meat!!
You butcher the bag of meat messily.
You kill the bag of meat!
Your Fighting skill increases to level 14!
Your Axes skill increases to level 22!
Your Throwing skill increases to level 13!
Your Dodging skill increases to level 22!
The meat berserker is engulfed in dark miasma.
The meat berserker is poisoned.
You hear a shout! x7
The meat berserker hits you with a +9 battleaxe!!
You die...

C............o..
...o............
....o.......o...
....o..........
..........o.
#....oo.#
#...)...# .
.###...@O..###...
......###§O......
.......o.....O...
..O.#...).#O.....
... #_.<._#oo....
.. #.....# .....
. ...o._.o..O....
......###........
.###.. ...###...


You could see a large bag of meat (inner flame), 5 meat berserkers and 9 bags of
meat.

Vanquished Creatures
  An ogre (D)
  3 orcs (D)
4 creatures vanquished.

Notes
Turn   | Place    | Note
-------+----------+-------------------------------------------
     0 | D        | Faca the Demonspawn Gladiator began the quest for the Orb.
     0 | D        | Reached XP level 1. HP: 16/16 MP: 1/1
     4 | D        | Noticed a bag of meat
     4 | D        | Noticed a bag of meat
     7 | D        | Noticed a meat berserker
     8 | D        | Noticed a bag of meat
     8 | D        | Killed a bag of meat
     8 | D        | Reached skill level 10 in Fighting
     8 | D        | Gained mutation: Your movements are slightly less encumbered by armour. (ER -2) [demonic ancestry]
     8 | D        | Reached XP level 2. HP: 35/35 MP: 2/2
     8 | D        | Reached XP level 3. HP: 41/41 MP: 3/3
     8 | D        | Gained mutation: Your flesh is cold resistant. (rC+) [demonic ancestry]
     8 | D        | Reached XP level 4. HP: 47/47 MP: 4/4
     8 | D        | Reached XP level 5. HP: 53/53 MP: 5/5
     8 | D        | Gained mutation: You are immune to rotting. [demonic ancestry]
     8 | D        | Reached XP level 6. HP: 60/60 MP: 6/6
     8 | D        | Gained mutation: You may emit foul miasma when damaged in melee. [demonic ancestry]
     8 | D        | Reached XP level 7. HP: 66/66 MP: 7/7
     8 | D        | Reached XP level 8. HP: 72/72 MP: 8/8
     8 | D        | Reached XP level 9. HP: 78/78 MP: 9/9
     8 | D        | Gained mutation: You have sharp toenails. [demonic ancestry]
     8 | D        | Reached XP level 10. HP: 85/85 MP: 10/10
     8 | D        | Reached XP level 11. HP: 91/91 MP: 11/11
     8 | D        | Noticed a bag of meat
     9 | D        | Killed a meat berserker
     9 | D        | Reached skill level 1 in Armour
     9 | D        | Gained mutation: Your movements are less encumbered by armour. (ER -4) [demonic ancestry]
     9 | D        | Reached XP level 12. HP: 23/105 MP: 12/12
     9 | D        | Gained mutation: Your movements are significantly less encumbered by armour. (ER -6) [demonic ancestry]
     9 | D        | Reached XP level 13. HP: 24/111 MP: 13/13
     9 | D        | Killed a bag of meat
     9 | D        | Reached XP level 14. HP: 26/119 MP: 14/14
    10 | D        | Noticed a meat berserker
    10 | D        | Noticed a bag of meat
    10 | D        | Noticed a bag of meat
    11 | D        | Noticed a bag of meat
    11 | D        | Noticed a bag of meat
    12 | D        | Noticed a bag of meat
    12 | D        | Noticed a bag of meat
    12 | D        | Noticed a bag of meat
    12 | D        | Noticed a meat berserker
    14 | D        | Noticed a meat berserker
    14 | D        | Noticed a bag of meat
    14 | D        | Noticed a bag of meat
    14 | D        | Noticed a bag of meat
    15 | D        | Noticed a bag of meat
    15 | D        | Noticed a bag of meat
    15 | D        | Noticed a meat berserker
    15 | D        | Noticed a bag of meat
    16 | D        | Noticed a large bag of meat
    16 | D        | Noticed a bag of meat
    16 | D        | Noticed a meat berserker
    16 | D        | Killed a bag of meat
    16 | D        | Slain by a meat berserker

Vault maps used:
D:        meatsprint

Skill      XL: |  1  2  3  4  5  6  7  8  9 10 11 12 13 14 |
---------------+-------------------------------------------+-----
Fighting       | 10 13 14 | 14.7
Axes           | 16 20 21 22 | 22.7
Throwing       | 9 11 12 13 | 13.2
Dodging        | 16 20 21 22 | 22.5
Armour         | 1 2 |  2.7

Action                   |  1- 3 |  4- 6 |  7- 9 | 10-12 | 13-15 || total
-------------------------+-------+-------+-------+-------+-------++-------
Melee: Executioner's axe |     1 |       |       |     1 |     1 ||     3
